 Dungeon Crawl Stone Soup version 0.32-a0-871-ge202e49faa (webtiles) character file.

Game seed: 17880007048060853184

28374 Biggs the Skirmisher (level 13, -3/112 HPs)
             Began as a Coglin Hunter on Mar 29, 2024.
             Was a High Priest of Okawaru.
             Slain by a cane toad (20 damage)
             ... on level 3 of the Lair of Beasts.
             The game lasted 00:22:12 (9592 turns).

Biggs the Skirmisher (Coglin Hunter)                Turns: 9592, Time: 00:22:13

Health: -3/112     AC:  9    Str: 12    XL:     13   Next: 38%
Magic:  13/13      EV: 17    Int: 14    God:    Okawaru [*****.]
Gold:   407        SH:  0    Dex: 21    Spells: 12/12 levels left

rFire   . . .        w - +3 sling (elec) {Ai}
rCold   . . .        c - +3 sling (flame) {Kulveer}
rNeg    . . .        H - +2 leather armour {rPois}
rPois   +            D - +1 hat
rElec   .            k - +0 cloak
rCorr   .            (no gloves)
SInv    .            p - +1 pair of boots of the Mind {Regen+ Int+4}
Will    .....        (amulet unavailable)
Stlth   ++           (ring unavailable)
HPRegen 1.18/turn    (ring unavailable)
MPRegen 0.13/turn    (no gizmo)

%: no passive effects
@: revving
A: off-hand wielding, slow wielding, warmup strikes, no jewellery
a: Invent Gizmo, Renounce Religion, Heroism, Finesse, Duel


You were on level 3 of the Lair of Beasts.
You worshipped Okawaru.
Okawaru was extremely pleased with you.
You visited 3 branches of the dungeon, and saw 14 of its levels.
You also visited: Ossuary and Bailey.

You collected 932 gold pieces.
You spent 525 gold pieces at shops.

Inventory:

Hand Weapons
 c - a +3 sling of flaming (offhand) {Kulveer}
 w - a +3 sling of electrocution (weapon) {Ai}
Armour
 k - a +0 cloak (worn)
 p - the +1 pair of boots of the Mind (worn) {Regen+ Int+4}
   (You found it on level 4 of the Dungeon)

   Int+4:     It affects your intelligence (+4).
   Regen+:    It increases your rate of health regeneration.
 D - a +1 hat (worn)
 H - a +2 leather armour of poison resistance (worn)
Wands
 b - a wand of digging (7)
 m - a wand of flame (17)
 o - a wand of paralysis (41)
 B - a wand of warping (10)
Scrolls
 d - 3 scrolls of noise
 j - 4 scrolls of teleportation
 l - a scroll of revelation
 q - 2 scrolls of poison
 r - 4 scrolls of immolation
 t - a scroll of torment
 v - 3 scrolls of amnesia
 x - 2 scrolls of enchant weapon
 y - a scroll of enchant armour
 A - 2 scrolls of summoning
 E - a scroll of blinking {unknown}
 F - a scroll of fear {unknown}
 I - a scroll of silence {unknown}
 J - a scroll of vulnerability {unknown}
 L - a scroll of identify
Potions
 a - a potion of cancellation {unknown}
 e - 2 potions of haste {unknown}
 f - 2 potions of attraction {unknown}
 g - a potion of heal wounds {unknown}
 h - 4 potions of brilliance {unknown}
 i - a potion of lignification {unknown}
 n - 2 potions of ambrosia {unknown}
 s - 6 potions of curing
 u - 5 potions of enlightenment
 z - 2 potions of mutation {unknown}
 C - 3 potions of degeneration {unknown}
 K - a potion of might {unknown}
Miscellaneous
 G - a lightning rod (4/4)


   Skills:
 + Level 13.7 Fighting
 - Level 14.0 Ranged Weapons
 - Level 3.5 Armour
 - Level 8.9 Dodging
 - Level 0.7 Stealth


You had 12 spell levels left.
You didn't know any spells.
Your spell library contained the following spells:

 Spells                   Type           Power      Damage    Failure   Level
 Cigotuvi's Dreadful Rot  Necr/Alch/Air  0%         N/A       50%         2
 Frozen Ramparts          Ice            0%         1d1       73%         3
 Inner Flame              Hex/Fire       0%         N/A       73%         3
 Ozocubu's Armour         Ice            0%         N/A       73%         3
 Airstrike                Air            0%         2d(0-16)  98%         4
 Ignite Poison            Fire/Alch      0%         N/A       98%         4
 Freezing Cloud           Conj/Ice/Air   0%         6-21      100%        5
 Irradiate                Conj/Alch      0%         3d11      100%        5
 Metabolic Englaciation   Hex/Ice        0%         N/A       100%        5
 Ignition                 Fire           0%         3d3       100%        8
 Animate Dead             Necr           Unusable   N/A       N/A         4

Dungeon Overview and Level Annotations

Branches:
Dungeon (10/15)            Temple (1/1) D:7            Lair (3/5) D:8
 Spider (0/4) Lair:2      Ossuary (visited)          Bailey (visited)
  Swamp: Lair:2-3    Shoals: Lair:2-3       Orc: D:9-12

Altars:
Ashenzari
Cheibriados
Dithmenos
Elyvilon
Fedhas
Gozag
Hepliaklqana
Kikubaaqudgha
Makhleb
Nemelex Xobeh
Okawaru
Qazlal
Ru
Sif Muna
Trog
Uskayaw
Vehumet
Wu Jian
Xom
Yredelemnul
Zin
The Shining One

Shops:
D:5 (:   D:9 (

Annotations:
Temple 2 transporters
Lair:3 exclusion: 2 oklob plants


Innate Abilities, Weirdness & Mutations

You can wield a second weapon in your off-hand.
It takes a long time for you to wield or remove held weapons.
Your first few attacks do less damage.
You cannot equip rings or amulets.


Message History

* * * LOW HITPOINT WARNING * * *
You are encased in ice.
Fire: w) +3 sling (elec) {Ai}
Press: ? - help, Q - select action, (/) - cycle Shift-Dir - straight line, f/p - rime drake
Aim: a rime drake (severely wounded, strong, 69% to hit)
You shoot a sling bullet.
The sling bullet hits the rime drake but does no damage.
The rime drake is severely wounded.
You shoot a sling bullet.
The sling bullet closely misses the rime drake.
The cane toad completely misses you.
Unknown command.
Fire: w) +3 sling (elec) {Ai}
Press: ? - help, Q - select action, (/) - cycle Shift-Dir - straight line, f/p - rime drake
Aim: a rime drake (severely wounded, strong, 69% to hit)
You shoot a sling bullet. The sling bullet hits the rime drake!
The sling bullet burns the rime drake.
You kill the rime drake!
Okawaru accepts your kill.
You shoot a sling bullet. The cane toad stings you!
* * * LOW HITPOINT WARNING * * *
Your surroundings seem slightly different.
Found a stone staircase leading down.
The ice encasing you melts away. The hornet stings you!
* * * LOW HITPOINT WARNING * * *
Okay, then.
Okay, then.
Okay, then.
Okay, then.
The air fills with toxic fumes!
As you read the scroll of poison, it crumbles to dust.
The sentinel's mark upon you fades away.
The hornet stings you!
* * * LOW HITPOINT WARNING * * *
It was a potion of curing.
You feel better.
The hornet no longer looks unusually strong.
The hornet closely misses you. The cane toad stings you!!
You die...

#># ##....##...##..##
#§§. ..........###..#
.§§§ ...#.....#.#.###
#§§§§ #..........†..#
.§§###
###.......##..##
§§§###...........†..#
#.
#§§##.............##
#.
#§§§#.#.###..#...###
#..####§§@#...#
#...#....P
##..#§§§#Fy§§###
...#.#....
#..§§§.§.§y#§§#
##....###.#
##.§.§§§§§§§§###
..#.#....#
#.§§§§§§§§§.§..
..........
####§§##§§§§§§.......#
#.. ###)§§§§§.#§#. #..
#y§§§§§§.§§. ##.
##..##..##.. ###


You could see a cane toad (strong) and 2 hornets.

Vanquished Creatures
  2 hydras
  A catoblepas (Lair:2)
  A death yak (D:8)
  A boulder beetle (Lair:2)
  Nergalle (Lair:2)
  A skyshark (Lair:3)
  2 spriggan druids (Lair:3)
  An orc knight (Bailey)
  6 elephants (Lair:2)
  3 cane toads
  3 rime drakes
  4 komodo dragons
  2 polar bears
  18 blink frogs (Lair:3)
  5 jumping spiders (Lair:2)
  2 culicivoras (Lair:2)
  A spriggan (D:8)
  A vampire (D:10)
  38 yaks
  A wraith (D:10)
  5 wyverns
  A basilisk (Lair:2)
  2 steam dragons
  2 redbacks (Lair:2)
  Menkaure (D:5)
  8 water moccasins
  A black bear (Lair:1)
  5 orc warriors
  An ice beast (D:8)
  2 ogres
  3 centaurs
  6 wolves (Lair:1)
  2 phantoms
  5 kobold brigands
  Blork the orc (D:4)
  5 elf zombies (Ossuary)
  12 bullfrogs
  A gnoll sergeant (D:5)
  3 scorpions
  8 wights
  3 killer bees (D:8)
  A howler monkey (D:6)
  2 bombardier beetles
  A human zombie (Ossuary)
  A centaur zombie (Ossuary)
  2 hounds
  A gnoll bouda (D:4)
  2 orc priests
  5 iguanas
  2 sleepcaps
  3 orc wizards
  Ijyb (D:4)
  2 crocodile zombies (Ossuary)
  A spectral hound (Ossuary)
  A scorpion simulacrum (Ossuary)
  3 mummies (Ossuary)
  14 gnolls
  5 adders
  4 hound simulacra (Ossuary)
  A white imp (D:6)
  4 ufetubi
  3 spectral adders (Ossuary)
  A dart slug (D:2)
  3 ribbon worms
  3 adder simulacra (Ossuary)
  23 orcs
  5 endoplasms
  6 giant cockroaches
  3 gnoll zombies (Ossuary)
  17 goblins
  12 hobgoblins
  41 kobolds
  4 quokkas
  6 ball pythons
  8 bats
  5 frilled lizards
  A gnoll simulacrum (Ossuary)
  8 kobold zombies (Ossuary)
  5 orc zombies (Ossuary)
  6 rats
  5 spectral jackals (Ossuary)
392 creatures vanquished.

Vanquished Creatures (others)
  A yak (Lair:2)
1 creature vanquished.

Grand Total: 393 creatures vanquished

Notes
Turn   | Place    | Note
-------+----------+-------------------------------------------
     0 | D:1      | Biggs the Coglin Hunter began the quest for the Orb.
     0 | D:1      | Reached XP level 1. HP: 16/16 MP: 1/1
    96 | D:1      | Reached skill level 4 in Ranged Weapons
    96 | D:1      | Reached XP level 2. HP: 22/22 MP: 2/2
   386 | D:2      | Reached XP level 3. HP: 27/27 MP: 3/3
   417 | D:2      | Found a shadowy altar of Dithmenos.
   428 | D:2      | Identified the +5 ring mail of Foolhardiness {-Tele ^Drain
                  | Int+8 Dex+8}
   547 | D:2      | Reached skill level 5 in Ranged Weapons
   547 | D:2      | Reached XP level 4. HP: 33/33 MP: 4/4
  1044 | D:3      | Reached XP level 5. HP: 38/38 MP: 5/5
  1652 | D:4      | Reached skill level 6 in Ranged Weapons
  1694 | D:4      | Noticed Ijyb
  1705 | D:4      | Killed Ijyb
  1800 | D:4      | Reached XP level 6. HP: 30/44 MP: 6/6
  1931 | D:4      | Identified the +1 pair of boots of the Mind {Regen+ Int+4}
  2017 | D:4      | Reached skill level 7 in Ranged Weapons
  2064 | D:4      | Reached XP level 7. HP: 50/50 MP: 7/7
  2083 | D:4      | Noticed Blork the orc
  2089 | D:4      | Killed Blork the orc
  2090 | D:4      | Reached skill level 8 in Ranged Weapons
  2179 | D:4      | Got Onupniem's Folio of Spectral Inhalation
  2415 | D:5      | Entered Level 5 of the Dungeon
  2454 | D:5      | Noticed Menkaure
  2461 | D:5      | Killed Menkaure
  2499 | D:5      | Found Goagir's Weapon Shoppe.
  2589 | D:5      | Reached XP level 8. HP: 42/56 MP: 8/8
  2647 | D:5      | Reached skill level 9 in Ranged Weapons
  2871 | D:5      | Found Nuojelat's Book Emporium.
  2960 | D:5      | Bought a +3 sling of electrocution for 269 gold pieces
  3098 | D:6      | Reached skill level 10 in Ranged Weapons
  3367 | D:6      | Found a sand-covered staircase.
  3373 | Ossuary  | Entered an ossuary
  3489 | Ossuary  | Reached XP level 9. HP: 49/61 MP: 9/9
  3861 | D:7      | Reached skill level 5 in Fighting
  4032 | D:7      | Found a staircase to the Ecumenical Temple.
  4045 | Temple   | Found a transporter.
  4045 | Temple   | Found a transporter.
  4045 | Temple   | Found a transporter.
  4045 | Temple   | Found a transporter.
  4045 | Temple   | Entered the Ecumenical Temple
  4380 | D:7      | Found a radiant altar of Vehumet.
  4380 | D:7      | Found a shadowy altar of Dithmenos.
  4490 | D:8      | Noticed a death yak
  4549 | D:8      | Reached skill level 11 in Ranged Weapons
  4724 | D:8      | Reached XP level 10. HP: 58/73 MP: 10/10
  4775 | D:8      | Noticed a death yak
  4788 | D:8      | Killed a death yak
  4789 | D:8      | Reached skill level 12 in Ranged Weapons
  5074 | D:8      | Found a staircase to the Lair.
  5230 | D:9      | Reached skill level 13 in Ranged Weapons
  5517 | D:9      | Found Suhur's Weapon Emporium.
  5801 | D:9      | Found an iron altar of Okawaru.
  5809 | D:9      | Found an ornate altar of the Wu Jian Council.
  5816 | D:9      | Found a basalt altar of Yredelemnul.
  5827 | D:9      | Became a worshipper of Warmaster Okawaru
  5837 | D:9      | Found a shimmering altar of Xom.
  5844 | D:9      | Found a bloodstained altar of Trog.
  5850 | D:9      | Found a burning altar of Makhleb.
  5858 | D:9      | Found a glowing golden altar of the Shining One.
  5995 | D:10     | Entered Level 10 of the Dungeon
  6024 | D:10     | Reached skill level 14 in Ranged Weapons
  6026 | D:10     | Reached XP level 11. HP: 80/80 MP: 11/11
  6149 | D:10     | Noticed a white ugly thing
  6149 | D:10     | Noticed a manticore
  6173 | D:10     | Reached skill level 5 in Dodging
  6199 | D:10     | Noticed a two-headed ogre
  6296 | D:10     | Found a flagged portal.
  6313 | Bailey   | Entered a bailey
  6374 | Bailey   | Noticed an orc knight
  6392 | Bailey   | Killed an orc knight
  6514 | Bailey   | Identified the +3 dagger "Egugepnus" {spect, rElec rC+ rN+
                  | Will- MP+9}
  6678 | D:5      | Bought a +3 sling of flaming for 256 gold pieces
  6763 | Lair:1   | Entered Level 1 of the Lair of Beasts
  6844 | Lair:1   | Reached * piety under Okawaru
  6919 | Lair:1   | Reached ** piety under Okawaru
  7218 | Lair:1   | Reached *** piety under Okawaru
  7424 | Lair:2   | Noticed Nergalle
  7457 | Lair:2   | Noticed a catoblepas
  7485 | Lair:2   | Killed a catoblepas
  7494 | Lair:2   | Reached XP level 12. HP: 91/91 MP: 12/12
  7595 | Lair:2   | Found a hole to the Spider Nest.
  7611 | Lair:2   | Reached **** piety under Okawaru
  7837 | Lair:2   | Reached skill level 10 in Fighting
  7972 | Lair:2   | Noticed a boulder beetle
  7982 | Lair:2   | Killed a boulder beetle
  7982 | Lair:2   | Reached ***** piety under Okawaru
  8008 | Lair:2   | Noticed a seven-headed hydra
  8015 | Lair:2   | Killed a seven-headed hydra
  8264 | Lair:2   | Killed Nergalle
  8264 | Lair:2   | Received a gift from Okawaru
  8631 | Lair:2   | Reached skill level 1 in Armour
  8958 | Lair:3   | Received a gift from Okawaru
  8979 | Lair:3   | Reached XP level 13. HP: 108/108 MP: 13/13
  9085 | Lair:3   | Found a blossoming altar of Fedhas.
  9591 | Lair:3   | HP: 5/112 [hornet (7)]
  9592 | Lair:3   | Slain by a cane toad

Illustrated notes

Levels and vault maps discovered:
D:1:      mrwooster_arrival_arrow, layout_rooms, feat_on_display
D:2:      layout_rooms, basic_altar
D:3:      layout_basic, serial_aquarium, aquarium_bridge_island_small
          [aquarium_subvault_small_open, aquarium_subvault_bridge,
          aquarium_subvault_bridge, aquarium_subvault_window,
          aquarium_subvault_balcony], aquarium_window_2, aquarium_window_double,
          aquarium_window_corridor_1, aquarium_window_1, aquarium_view_2b,
          aquarium_pool_2, minmay_starry_boxes
D:4:      layout_rooms, hangedman_minor_gate_pass, uniq_blork_the_orc, uniq_ijyb
D:5:      layout_basic, serial_shops, shop, shop, uniq_menkaure
D:6:      layout_basic, nicolae_ossuary_entry_plus, minmay_misc_feat_tower
D:7:      layout_basic, gammafunk_temple_overflow_elements,
          minmay_temple_entry_ruins
D:8:      layout_loops_cross, dpeg_lair_monsters, the_hattery
D:9:      layout_rooms, grunt_temple_overflow_octagram, serial_shops,
          nicolae_square_shop
D:10:     minmay_the_grid_four_pointed_star
          [minmay_the_grid_triangle_9x9_flanged_cone,
          minmay_the_grid_triangle_9x9_cache,
          minmay_the_grid_triangle_9x9_intruding_spiral,
          minmay_the_grid_triangle_9x9_checkered,
          minmay_the_grid_prize_four_corners_diamond_a], layout_rooms,
          enter_bailey_5
Temple:   hellmonk_temple_divided_pantheon
Lair:1:   layout_gridlike, nicolae_lair_grove_arrangements,
          chequers_serial_rivers_room_a
Lair:2:   layout_layer_cave, nicolae_spider_entry_tight_spaces,
          grunt_megastairs_3, uniq_nergalle
Lair:3:   layout_loops_ring, mainiacjoe_swamp_entry_angry_trees,
          hangedman_tree_tricks, eino_small_chamber_without_monster

Skill      XL: |  1  2  3  4  5  6  7  8  9 10 11 12 13 |
---------------+----------------------------------------+-----
Ranged Weapons | 4 5 6 7 8 10 11 14 | 14.0
Dodging        | 4 8 |  8.9
Fighting       | 5 7 12 13 | 13.7
Armour         | 3 |  3.5
Stealth        | |  0.7

Action                     |  1- 3 |  4- 6 |  7- 9 | 10-12 | 13-15 || total
---------------------------+-------+-------+-------+-------+-------++-------
  Melee: Sling             |       |       |     2 |       |       ||     2
   Fire: Sling             |   134 |   328 |   744 |  1260 |   256 ||  2722
    Use: Scroll            |       |     1 |     2 |     9 |     2 ||    14
         Potion            |       |       |       |       |     1 ||     1
 Armour: Leather armour    |     6 |    42 |    99 |   132 |    36 ||   315
  Dodge: Dodged            |     4 |    38 |   110 |   133 |    31 ||   316

Table legend: (Time is in decaauts)
 A = Elapsed time spent in this place.
 B = Non-inter-level travel time spent in this place.
 C = Inter-level travel time spent in this place.
 D = Time resting spent in this place.
 E = Time spent auto-exploring this place.
 F = Levels seen in this place.
 G = Mean time per level.
                   A        B        C        D        E       F      G
               +--------+--------+--------+--------+--------+-----+--------+
         Total |   9428 |   8952 |    476 |    180 |   6682 |  16 |  589.2 |
       Dungeon |   6180 |   5835 |    345 |    157 |   4388 |  10 |  618.0 |
        Temple |      1 |      1 |      0 |      0 |      0 |   1 |    1.0 |
          Lair |   2692 |   2561 |    131 |     23 |   1984 |   3 |  897.3 |
       Ossuary |    279 |    279 |      0 |      0 |    139 |   1 |  279.0 |
        Bailey |    273 |    273 |      0 |      0 |    171 |   1 |  273.0 |
               +--------+--------+--------+--------+--------+-----+--------+

Top non-repeatable levels by time:
  Lair:2: 1281 daAuts
     D:8: 905 daAuts
     D:4: 816 daAuts
     D:3: 769 daAuts
  Lair:3: 749 daAuts
     D:9: 723 daAuts
  Lair:1: 661 daAuts
     D:5: 614 daAuts
     D:6: 598 daAuts
     D:7: 576 daAuts
     D:2: 479 daAuts
     D:1: 388 daAuts
    D:10: 307 daAuts
 Ossuary: 279 daAuts
  Bailey: 273 daAuts
